 Dungeon Sprint DCSS version 0.30.1-11-g7821555f0a (webtiles) character file.

Game seed: 10205559679855879294

1208 Heoruswealwe the Impaler (level 8, -5/82 HPs)
             Began as a Minotaur Fighter on Oct 28, 2023.
             Was an Initiate of Gozag.
             Killed from afar by a gargoyle (15 damage)
             ... with a stone arrow
             ... in the Dungeon (Sprint IX: "|||||||||||||||||||||||||||||").
             The game lasted 00:02:57 (293 turns).

Heoruswealwe the Impaler (Minotaur Fighter)          Turns: 293, Time: 00:03:00

Health: -5/82      AC: 16    Str: 23    XL:     8   Next: 21%
Magic:  7/7        EV: 11    Int:  5    God:    Gozag
Gold:   585        SH:  0    Dex: 10    Spells: 7/7 levels left

rFire   . . .        b - +2 halberd (venom)
rCold   . . .        (shield currently unavailable)
rNeg    . . .        c - +1 chain mail
rPois   .            (helmet restricted)
rElec   .            (no cloak)
rCorr   .            (no gloves)
SInv    .            e - +0 pair of boots
Will    .....        (no amulet) Stlth
                     k - +2 ring of evasion
HPRegen 0.33/turn    j - +2 ring of protection
MPRegen 0.10/turn

%: no teleportation
@: gold aura
A: horns 2, retaliatory headbutt
a: Renounce Religion, Potion Petition, Call Merchant, Bribe Branch


You were in the Dungeon.
You worshipped Gozag.
Gozag was pleased with you.
You visited 1 branch You collected 585 gold pieces.

Inventory:

Hand Weapons
 a - a +0 trident
 b - a +2 halberd of venom (weapon)
Armour
 c - a +1 chain mail (worn)
 d - a +0 buckler
 e - a +0 pair of boots (worn)
Jewellery
 j - a +2 ring of protection (right hand)
 k - a +2 ring of evasion (left hand)
Wands
 l - a wand of quicksilver (10)
Scrolls
 o - 2 scrolls of blinking
Potions
 f - 2 potions of heal wounds
 g - a potion of haste
 h - 4 potions of magic
 i - a potion of berserk rage
 m - 4 potions of curing
 n - a potion of might


   Skills:
 + Level 11.5 Fighting
 * Level 15.2 Polearms
 + Level 11.5 Armour
 - Level 3.6 Shields


You had 7 spell levels left.
You didn't know any spells.
Your spell library was empty.

Dungeon Overview and Level Annotations

Branches:
Dungeon (1/1)

Altars:
Cheibriados
Dithmenos
Elyvilon
Fedhas
Gozag
Hepliaklqana
Kikubaaqudgha
Makhleb
Nemelex Xobeh
Okawaru
Qazlal
Ru
Sif Muna
Trog
Uskayaw
Vehumet
Wu Jian
Xom
Yredelemnul
Zin
The Shining One
Jiyva
Lugonu


Innate Abilities, Weirdness & Mutations

You have a pair of horns on your head.
You reflexively headbutt those who attack you in melee.


Message History

The cyan ugly thing gores you but does no damage.
You slash the cyan ugly thing!
The cyan ugly thing looks as sick as possible!
The cyan ugly thing is severely wounded.
The cyan ugly thing closely misses you.
You puncture the cyan ugly thing!
Your headbutt misses the cyan ugly thing.
The cyan ugly thing is almost dead.
The cyan ugly thing gores you! The cyan ugly thing shocks you!
You hit the cyan ugly thing but do no damage.
The cyan ugly thing looks as sick as possible!
Your headbutt misses the cyan ugly thing.
The cyan ugly thing is almost dead.
You hit the cyan ugly thing.
You kill the cyan ugly thing!
The centaur warrior is distracted by your dazzling golden aura.
The gargoyle hurls a stone arrow at you.
The stone arrow hits you!!
* * * LOW HITPOINT WARNING * * *
Your Fighting skill increases to level 11!
Your Polearms skill increases to level 15!
Your Armour skill increases to level 11!
You have reached level 8!
You feel agile.
The centaur warrior is no longer distracted by gold.
The gargoyle hurls a stone arrow at you.
The stone arrow hits you.
* * * LOW HITPOINT WARNING * * *
There is an open door, spattered with blood here.
You see here 81 gold pieces.
You puncture the gargoyle!
The gargoyle is severely damaged.
The gargoyle closely misses you.
You puncture the gargoyle!
You headbutt the gargoyle, but do no damage.
The gargoyle is almost destroyed.
The gargoyle hurls a stone arrow at you.
The stone arrow hits you!
You die...
Your body crumbles into a pile of gold.

▓.▓
$
▓)▓
$
▓.▓
▓.▓
$
▓.▓
$
▓.▓
$ $
▓.▓
$
▓.▓
$
▓@▓
▓9▓
▓J▓
▓W▓
▓c▓
▓9▓
▓.▓
▓+▓


You could see a slime creature, a centaur warrior, a wraith and 2 gargoyles.

Vanquished Creatures
  An ugly thing (D)
  A hornet (D)
  A shadow (D)
  A yak (D)
  A wyvern (D)
  A howler monkey (D)
  3 hounds (D)
  An orc wizard (D)
  A white imp (D)
  A dart slug (D)
  An orc (D)
  A bat (D)
  A goblin (D)
  A kobold (D)
  A rat (D)
17 creatures vanquished.

Notes
Turn   | Place    | Note
-------+----------+-------------------------------------------
     0 | D        | Heoruswealwe the Minotaur Fighter began the quest for the
                  | Orb.
     0 | D        | Reached XP level 1. HP: 19/19 MP: 0/0
     8 | D        | Reached skill level 3 in Polearms
    15 | D        | Reached skill level 4 in Polearms
    20 | D        | Noticed a hound
    20 | D        | Noticed a hound
    20 | D        | Noticed a hound
    30 | D        | Killed a hound
    31 | D        | Reached skill level 5 in Fighting
    31 | D        | Reached skill level 6 in Polearms
    31 | D        | Reached skill level 5 in Armour
    31 | D        | Reached XP level 2. HP: 22/29 MP: 1/1
    31 | D        | Reached XP level 3. HP: 28/36 MP: 2/2
    32 | D        | Reached skill level 7 in Polearms
    32 | D        | Reached XP level 4. HP: 34/44 MP: 3/3
    48 | D        | Reached skill level 8 in Polearms
    58 | D        | Found a snail-covered altar of Cheibriados.
    58 | D        | Found a shadowy altar of Dithmenos.
    58 | D        | Found a white marble altar of Elyvilon.
    58 | D        | Found a blossoming altar of Fedhas.
    58 | D        | Found an opulent altar of Gozag.
    59 | D        | Found a hazy altar of Hepliaklqana.
    60 | D        | Found a viscous altar of Jiyva.
    61 | D        | Found an ancient bone altar of Kikubaaqudgha.
    62 | D        | Found a corrupted altar of Lugonu.
    63 | D        | Found a burning altar of Makhleb.
    64 | D        | Found a sparkling altar of Nemelex Xobeh.
    65 | D        | Found an iron altar of Okawaru.
    66 | D        | Became a worshipper of Gozag Ym Sagoz the Greedy
    67 | D        | Found a stormy altar of Qazlal.
    68 | D        | Found a sacrificial altar of Ru.
    69 | D        | Found a shimmering blue altar of Sif Muna.
    70 | D        | Found a bloodstained altar of Trog.
    71 | D        | Found a hide-covered altar of Uskayaw.
    72 | D        | Found a radiant altar of Vehumet.
    73 | D        | Found an ornate altar of the Wu Jian Council.
    74 | D        | Found a shimmering altar of Xom.
    75 | D        | Found a basalt altar of Yredelemnul.
    76 | D        | Found a glowing silver altar of Zin.
    77 | D        | Found a glowing golden altar of the Shining One.
   134 | D        | Noticed a wyvern
   134 | D        | Noticed a shadow
   134 | D        | Noticed a yak
   134 | D        | Noticed a hornet
   138 | D        | Killed a wyvern
   139 | D        | Reached skill level 10 in Polearms
   139 | D        | Reached XP level 5. HP: 19/53 MP: 4/4
   145 | D        | Killed a shadow
   146 | D        | Reached skill level 12 in Polearms
   146 | D        | Reached XP level 6. HP: 35/63 MP: 5/5
   151 | D        | Killed a yak
   152 | D        | Reached skill level 10 in Fighting
   152 | D        | Reached skill level 13 in Polearms
   152 | D        | Reached skill level 10 in Armour
   152 | D        | Reached XP level 7. HP: 41/72 MP: 6/6
   160 | D        | Killed a hornet
   161 | D        | Reached skill level 14 in Polearms
   282 | D        | Noticed a gargoyle
   282 | D        | Noticed a cyan ugly thing
   282 | D        | Noticed a slime creature
   282 | D        | Noticed a wraith
   282 | D        | Noticed a centaur warrior
   282 | D        | Noticed a gargoyle
   290 | D        | Killed a cyan ugly thing
   291 | D        | Reached skill level 15 in Polearms
   291 | D        | Reached XP level 8. HP: 14/82 MP: 7/7
   293 | D        | Killed from afar by a gargoyle

Illustrated notes

Levels and vault maps discovered:
D:        linesprint [early_d, line_temple, items_1, d_10, items_2, lair_1,
          lair_end, items_3, orc_1, orc_end, items_4, d_15, swamp_1, shoals_1,
          snake_1, spider_1, d_20, vaults_1, items_5, swamp_end, shoals_end,
          snake_end, spider_end, vaults_end, d_27, items_6, zot_1, zot_end,
          crypt_end, forest_end, elf_end, slime_end, tomb_end, abyss_end,
          pan_hell_end]

Skill      XL: |  1  2  3  4  5  6  7 |
---------------+----------------------+-----
Fighting       | 5 8 9 10 11 | 11.5
Polearms       | 6 7 10 12 13 15 | 15.2
Armour         | 5 8 9 10 11 | 11.5
Shields        | |  3.6

Action                     |  1- 3 |  4- 6 |  7- 9 || total
---------------------------+-------+-------+-------++-------
  Melee: Trident           |    19 |    20 |       ||    39
         Headbutt          |     6 |     5 |     3 ||    14
         Halberd           |       |    16 |    18 ||    34
    Use: Potion            |       |     1 |     1 ||     2
 Armour: Scale mail        |    11 |     8 |       ||    19
         Chain mail        |       |     4 |     6 ||    10
  Dodge: Dodged            |     4 |    10 |     5 ||    19
  Block: Buckler           |     6 |     2 |       ||     8
